 Dungeon Crawl Stone Soup version 0.20.1-1-g8b1a95d (console) character file.

306 hilaritas the Slasher (level 6, -2/37 HPs)
             Began as a Tengu Fighter on Aug 20, 2017.
             Slain by a shadow imp (4 damage)
             ... summoned by Natasha
             ... on level 3 of the Dungeon.
             The game lasted 00:04:36 (3211 turns).

hilaritas the Slasher (Tengu Fighter)               Turns: 3211, Time: 00:04:37

Health: -2/37      AC:  6    Str: 17    XL:     6   Next: 39%
Magic:  7/7        EV: 13    Int:  8    God:
Gold:   104        SH: 10    Dex: 20    Spells: 5/5 levels left

rFire    . . .     SeeInvis .   a - +0 long sword
rCold    . . .     Gourm    .   c - +0 shield
rNeg     . . .     Faith    .   q - +0 ring mail
rPois    .         Spirit   .   (helmet restricted)
rElec    .         Reflect  .   s - +0 cloak
rCorr    .         Harm     .   (no gloves)
MR       .....                  (boots unavailable)
Stlth    ++........             (no amulet)
Regen    0.2/turn               (no ring)
MPRegen  0.1/turn               (no ring)

@: agile
A: beak, talons 3, able to fly 1
a: Fly


You were on level 3 of the Dungeon.
You were not hungry.

You visited 1 branch of the dungeon, and saw 3 of its levels.

You collected 104 gold pieces.

Inventory:

Hand Weapons
 a - a +0 long sword (weapon)
 g - a +1 dagger of venom
 u - a +0 falchion
Armour
 c - a +0 shield (worn)
 q - a +0 ring mail (worn)
 s - a +0 cloak (worn)
Jewellery
 b - a cursed ring of loudness {unknown}
 d - a cursed ring of teleportation {unknown}
 m - an uncursed ring of wizardry {unknown}
 t - a +3 ring of strength {unknown}
Scrolls
 h - 2 scrolls of teleportation {unknown}
 i - 3 scrolls of identify {unknown}
 l - a scroll of remove curse {unknown}
 v - a scroll of enchant weapon {unknown}
Potions
 e - 2 potions of agility
 k - a potion of haste {unknown}
 n - 2 potions of mutation {unknown}
 o - a potion of heal wounds {unknown}
 p - a potion of lignification {unknown}
Comestibles
 f - a bread ration
 j - a royal jelly
 r - 2 chunks of flesh


   Skills:
 - Level 3.0 Fighting
 * Level 6.3 Long Blades
 - Level 3.2 Armour
 + Level 4.3 Shields


You had 5 spell levels left.
You didn't know any spells.

Dungeon Overview and Level Annotations

Branches:
Dungeon (3/15)

Altars:

Shops:
D:3 *

Annotations:
D:3 Natasha


Innate Abilities, Weirdness & Mutations

You have a beak for a mouth.
You have claws for feet.
You can fly.


Message History

Natasha glows brightly for a moment.
Natasha claws you but does no damage. The shadow imp hits you.
You closely miss Natasha. Your kick misses Natasha. Your peck misses Natasha.
Natasha wildly gestures.
Natasha glows brightly for a moment.
You block Natasha's attack. The white imp gestures at you.
The puff of frost hits you! The shadow imp barely misses you.
You hit Natasha but do no damage. Your peck misses Natasha.
The white imp hits you but does no damage.
You block the shadow imp's attack. Natasha claws you!
* * * LOW HITPOINT WARNING * * *
It was a potion of agility.
You feel agile all of a sudden. Natasha barely misses you.
The white imp gestures at you. The puff of frost hits you!
* * * LOW HITPOINT WARNING * * *
The shadow imp hits you.
You die...

.##.....## ........#####
.. ### #..#...#%..#...
##.####..#...#...#..
#............'...'...
#..# #......#...#...
#..# #......#.....#
#..#####...........#
#..##...?...5@#....#
####............h5......
#........##........#..$.
..................... #.
#.##.......>..........
#.##..#..........(...##
#.....................
#.##<....##....#...#.##
....
....................
.... .


You could see Natasha, a white imp and a shadow imp.

Vanquished Creatures
  An orc priest (D:3)
  Crazy Yiuf (D:2)
  Natasha (twice) (D:3)
  9 adders
  4 gnolls
  An ooze (D:1)
  A worm (D:2)
  2 dart slugs (D:2)
  A leopard gecko (D:1)
  5 orcs (D:3)
  7 giant cockroaches
  9 goblins
  7 hobgoblins
  3 jackals (D:1)
  8 kobolds
  3 bats
  5 frilled lizards
  3 rats (D:1)
72 creatures vanquished.

Vanquished Creatures (others)
  5 toadstools (D:1)
5 creatures vanquished.

Grand Total: 77 creatures vanquished

Notes
Turn   | Place    | Note
-------+----------+-------------------------------------------
     0 | D:1      | hilaritas the Tengu Fighter began the quest for the Orb.
     0 | D:1      | Reached XP level 1. HP: 14/14 MP: 2/2
    49 | D:1      | Reached XP level 2. HP: 19/19 MP: 3/3
   210 | D:1      | Reached skill level 3 in Long Blades
   271 | D:1      | Reached XP level 3. HP: 23/23 MP: 4/4
  1123 | D:2      | Reached XP level 4. HP: 28/28 MP: 5/5
  1303 | D:2      | Reached skill level 4 in Long Blades
  2084 | D:2      | Found a runed door.
  2242 | D:2      | Gained mutation: You can fly. [Tengu growth]
  2242 | D:2      | Reached XP level 5. HP: 31/32 MP: 6/6
  2437 | D:2      | Noticed Crazy Yiuf
  2445 | D:2      | Killed Crazy Yiuf
  2605 | D:2      | Reached skill level 5 in Long Blades
  2795 | D:3      | Noticed Natasha
  2813 | D:3      | Killed Natasha
  2875 | D:3      | Reached XP level 6. HP: 16/37 MP: 7/7
  2886 | D:3      | Reached skill level 6 in Long Blades
  3055 | D:3      | Noticed Natasha
  3058 | D:3      | Killed Natasha
  3158 | D:3      | Found Gozag's Platinum Reserve.
  3203 | D:3      | Noticed Natasha
  3211 | D:3      | Slain by a shadow imp

Skill      XL: |  1  2  3  4  5  6 |
---------------+-------------------+-----
Long Blades    | 3 4 5 6 |  6.3
Shields        | 4 |  4.3
Fighting       | |  3.0
Armour         | |  3.2

Action                   |  1- 3 |  4- 6 || total
-------------------------+-------+-------++-------
Melee: Long sword        |    52 |    98 ||   150
       Kick              |    11 |    27 ||    38
       Peck              |     7 |    12 ||    19
  Use: Potion            |       |     2 ||     2
  Eat: Chunk             |     1 |     6 ||     7
Armor: Scale mail        |    13 |    14 ||    27
       Ring mail         |       |    24 ||    24
Dodge: Dodged            |    15 |    19 ||    34
Block: Shield            |    37 |    47 ||    84
       Rpst.: Long sword |     6 |     4 ||    10
